Map: 10000 Feet LE

Players

BabyMarine

  • Race: Terran Terran
  • Spawn Location: 5:00

Reynor - Winner!

  • Race: Zerg Zerg
  • League: Master
  • Spawn Location: 11:00

VOD

Have the link to the VOD?

Description

Time

  • Played on: Jan. 31, 2026, 1:26 p.m.
  • Length: 18:21
Show
View Real Time Build Order
Export as new Build Order

BabyMarine Terran 

Build Orders:  

Get SALT Encoding   

  12  0:00  SCV  
  13  0:12  SCV  
  14  0:18  Supply Depot  
  14  0:24  SCV  
  15  0:40  SCV  
  15  0:41  Barracks  
  16  0:44  Refinery  
  16  0:52  SCV  
  17  1:00  Barracks  
  17  1:04  SCV  
  18  1:16  SCV  
  19  1:29  Reaper  
  19  1:30  Orbital Command  
  19  1:31  Supply Depot  
  20  1:47  Reaper  
  21  1:56  SCV  
  22  2:06  Command Center  
  22  2:09  Reaper  
  22  2:11  SCV  
  24  2:16  Refinery  
  24  2:24  SCV  
  24  2:25  Marine  
  26  2:39  SCV  
  26  2:42  Marine, Factory  
  28  2:45  Marine  
  28  2:51  SCV  
  30  3:01  Barracks Reactor  
  30  3:03  SCV  
  31  3:18  SCV  
  31  3:19  Orbital Command  
  32  3:21  Marine  
  33  3:28  Starport  
  33  3:30  SCV  
  34  3:40  Marine  
  35  3:41  Hellion x2  
  35  3:42  SCV  
  35  3:45  Supply Depot  
  40  3:49  Marine  
  40  3:50  SCV  
  40  3:54  SCV  
  43  3:59  Barracks Tech Lab  
  43  4:00  Armory  
  43  4:02  SCV  
  44  4:03  Hellion  
  44  4:06  Medivac  
  44  4:07  Hellion  
  44  4:08  Supply Depot  
  50  4:10  Marine  
  50  4:12  SCV  
  50  4:14  SCV  
  53  4:18  Marine  
  53  4:19  Stimpack  
  54  4:26  Supply Depot  
  54  4:30  Hellion, Supply Depot  
  56  4:32  Hellion  
  56  4:34  SCV  
  56  4:35  SCV  
  60  4:39  Marine  
  61  4:46  SCV  
  61  4:47  Liberator  
  65  4:56  SCV  
  65  4:58  Marine  
  67  5:03  Factory Tech Lab  
  67  5:06  Marine x2  
  69  5:10  Command Center  
  69  5:11  SCV  
  69  5:12  SCV  
  65  5:16  Marine  
  64  5:23  Marine, Siege Tank  
  64  5:27  SCV  
  68  5:31  Starport Tech Lab  
  68  5:32  Barracks  
  68  5:33  Starport Reactor  
  68  5:34  SCV  
  69  5:36  Drilling Claws  
  69  5:37  Marine x2  
  71  5:44  Supply Depot, Refinery  
  71  5:45  Refinery  
  71  5:47  SCV  
  72  5:51  Marine, Supply Depot  
  72  5:55  Marine  
  74  5:59  SCV  
  74  6:03  Marine  
  76  6:05  SCV  
  76  6:06  Siege Tank  
  76  6:09  Marine  
  81  6:14  Engineering Bay x2  
  81  6:15  SCV  
  79  6:20  Medivac  
  79  6:21  Medivac  
  79  6:22  Barracks Reactor  
  79  6:24  SCV  
  84  6:26  Marine  
  84  6:27  SCV  
  84  6:29  Combat Shield  
  84  6:30  Marine  
  87  6:36  SCV  
  88  6:44  SCV, Marine  
  88  6:45  Marine  
  90  6:50  Terran Infantry Weapons Level 1  
  90  6:51  Terran Infantry Armor Level 1  
  90  6:52  Barracks x2  
  90  6:58  SCV x2  
  93  7:02  Orbital Command  
  93  7:07  Marine  
  93  7:10  Marine x2, SCV  
  93  7:12  SCV  
  93  7:13  Hellion x2  
  97  7:16  Barracks Reactor  
  97  7:19  Widow Mine x2  
  101  7:23  SCV  
  101  7:24  SCV, Supply Depot x2  
  101  7:25  Marine  
  101  7:27  Marine  
  101  7:28  SCV  
  106  7:30  Marine  
  106  7:32  Orbital Command  
  107  7:37  SCV  
  107  7:39  Marine x2  
  107  7:40  SCV  
  107  7:42  Marine  
  107  7:45  Marine  
  107  7:47  Marine  
  107  7:49  SCV  
  106  7:57  SCV  
  109  8:00  Marine  
  109  8:01  SCV, Command Center, Marine x2  
  109  8:03  Marine, Barracks Reactor x2  
  109  8:04  SCV  
  109  8:05  Marine  
  104  8:09  SCV  
  106  8:12  Supply Depot  
  106  8:15  Widow Mine  
  106  8:19  Supply Depot  
  108  8:23  SCV x2, Widow Mine  
  108  8:24  SCV  
  109  8:34  Marine x4  
  109  8:36  Widow Mine  
  109  8:38  Marine  
  109  8:40  SCV x3  
  109  8:44  Marine x4  
  111  8:52  Marine x4, SCV  
  111  8:54  SCV x2  
  102  8:56  Marine  
  102  9:02  Marine x2  
  104  9:03  Marine x2  
  104  9:09  SCV x2  
  109  9:10  SCV  
  109  9:12  Medivac  
  109  9:13  Medivac  
  109  9:14  Marine  
  114  9:23  Factory  
  114  9:24  Marine x2, Widow Mine x2  
  119  9:27  Marine x3  
  119  9:29  Marine x2  
  125  9:33  SCV  
  124  9:45  Marine x2  
  124  9:46  Marine x4  
  124  9:47  Widow Mine x2  
  124  9:49  Supply Depot  
  124  9:50  Supply Depot  
  124  9:51  SCV x2  
  134  9:53  Sensor Tower  
  134  10:00  Planetary Fortress  
  134  10:06  SCV  
  134  10:07  SCV x2, Terran Infantry Weapons Level 2, Terran Infantry Armor Level 2  
  137  10:11  Widow Mine x2  
  141  10:14  Siege Tank  
  144  10:24  Marine x7, Marauder  
  153  10:32  Marine  
  153  10:34  Widow Mine  
  153  10:35  Widow Mine  
  137  10:40  SCV x2, Barracks  
  137  10:41  Marine  
  137  10:42  Marine, Barracks x2  
  139  10:46  Sensor Tower, Siege Tank  
  139  10:47  SCV  
  143  10:52  Marine x5, Marauder  
  143  10:54  SCV  
  143  10:55  SCV x2  
  153  11:00  Supply Depot  
  153  11:01  Supply Depot  
  153  11:03  Marine x3  
  156  11:16  Marine  
  156  11:17  Widow Mine  
  155  11:19  Refinery x2, Marine  
  155  11:20  Command Center  
  155  11:21  Marine x2  
  155  11:22  Widow Mine  
  160  11:28  Supply Depot, Marine  
  160  11:29  Barracks Tech Lab x3  
  160  11:31  SCV x2  
  164  11:34  Refinery  
  164  11:37  Marine  
  164  11:38  Marine x2, Marauder, Siege Tank  
  172  11:40  SCV  
  172  11:41  Widow Mine  
  170  11:51  Medivac x2  
  174  11:56  Command Center  
  174  11:57  Marauder x2  
  174  12:00  Marauder  
  180  12:03  Ghost Academy  
  180  12:09  Supply Depot x2  
  180  12:16  Terran Vehicle And Ship Armor Level 1, Supply Depot  
  180  12:23  Widow Mine  
  180  12:24  Command Center  
  180  12:26  Widow Mine  
  180  12:30  SCV, Siege Tank  
  180  12:33  Ghost x4  
  180  12:37  Refinery  
  180  12:38  Factory  
  180  12:40  Refinery  
  180  12:50  Starport  
  180  12:51  Terran Infantry Weapons Level 3, Terran Infantry Armor Level 3  
  180  12:53  Fusion Core  
  180  13:02  Marauder  
  180  13:03  Widow Mine x2  
  182  13:11  Missile Turret  
  181  13:13  Barracks Tech Lab  
  181  13:17  Orbital Command  
  178  13:25  Supply Depot  
  178  13:27  Supply Depot, Command Center  
  178  13:31  Marine x2  
  178  13:32  Marauder x2  
  178  13:33  Marine x2, Marauder  
  178  13:34  Marauder  
  163  13:35  SCV x3  
  163  13:36  SCV  
  163  13:37  Factory Tech Lab  
  163  13:38  Starport Reactor  
  163  13:45  Planetary Fortress  
  163  13:47  SCV x2  
  165  13:51  SCV  
  165  13:53  Marine x2  
  165  13:54  Marauder x2  
  165  13:55  SCV  
  164  13:56  SCV  
  164  14:00  Siege Tank  
  164  14:01  Siege Tank  
  164  14:02  Widow Mine x2  
  175  14:05  SCV  
  175  14:09  Marine x4  
  184  14:13  Liberator x2  
  184  14:15  SCV  
  181  14:19  SCV  
  182  14:28  Widow Mine x2  
  182  14:30  Advanced Ballistics  
  186  14:32  Siege Tank  
  186  14:33  Siege Tank  
  186  14:34  SCV x2  
  186  14:35  SCV x2, Liberator  
  194  14:50  Ghost  
  194  14:52  SCV  
  189  14:55  Liberator  
  189  14:56  Liberator  
  195  15:01  Refinery x2, Command Center  
  195  15:02  Sensor Tower  
  195  15:08  Missile Turret  
  195  15:13  Ghost x2  
  199  15:27  Ghost, SCV  
  190  15:30  Siege Tank x2  
  190  15:31  Liberator  
  190  15:34  SCV  
  200  15:42  Marine, Marauder  
  200  15:43  Marauder  
  200  15:46  SCV  
  200  15:49  Marine x2, Marauder  
  185  15:54  Marine x2  
  185  15:55  Liberator x2  
  185  15:56  Marauder  
  193  15:59  SCV x2  
  184  16:04  Marauder  
  184  16:05  Marauder  
  184  16:10  SCV  
  180  16:12  Supply Depot  
  180  16:13  Orbital Command  
  180  16:18  Liberator  
  186  16:24  SCV  
  186  16:25  SCV x2  
  189  16:26  Ghost  
  189  16:28  Liberator  
  191  16:33  Ghost x2  
  191  16:34  Ghost  
  197  16:43  Missile Turret x2  
  197  16:45  SCV x2  
  199  16:47  SCV  
  199  16:48  Orbital Command  
  199  16:49  Missile Turret  
  199  16:50  Orbital Command, Missile Turret  
  199  16:51  Missile Turret  
  199  16:53  Missile Turret  
  196  16:54  Ghost  
  185  17:04  Marine, Marauder x2  
  185  17:05  SCV  
  174  17:17  Supply Depot  
  174  17:20  Supply Depot  
  173  17:23  Caduceus Reactor  
  173  17:24  Command Center  
  173  17:29  Starport Reactor  
  171  17:30  Command Center  
  170  17:37  Missile Turret  
  167  17:54  Marauder  
  167  17:55  Marauder  
  167  17:56  Supply Depot  
  167  17:58  Supply Depot x2  
  147  18:00  Marine x2  
Show
View Real Time Build Order
Export as new Build Order

Reynor Zerg - Winner!

Build Orders: Hatch First 

Get SALT Encoding   

  12  0:00  Drone  
  13  0:07  Drone  
  14  0:14  Extractor, Drone  
  15  0:21  Overlord  
  15  0:40  Drone  
  16  0:45  Hatchery  
  16  0:49  Drone  
  16  0:52  Drone  
  16  0:56  Drone  
  18  1:06  Extractor  
  17  1:12  Spawning Pool  
  17  1:14  Drone  
  17  1:17  Drone  
  18  1:26  Drone  
  19  1:37  Drone  
  20  1:47  Drone  
  21  1:59  Queen x2  
  21  2:00  Zergling x4  
  27  2:10  Metabolic Boost  
  27  2:19  Hatchery  
  27  2:22  Zergling x2  
  27  2:28  Overlord  
  27  2:29  Zergling x2  
  28  2:45  Queen  
  28  2:46  Drone  
  28  2:47  Drone  
  28  2:48  Overlord  
  32  2:51  Drone  
  32  2:55  Zergling x2  
  32  2:56  Zergling x2  
  35  3:00  Drone  
  36  3:07  Overlord  
  36  3:08  Drone  
  36  3:11  Drone x2  
  39  3:15  Overlord  
  39  3:24  Queen  
  39  3:26  Drone  
  42  3:28  Drone  
  42  3:31  Drone  
  44  3:34  Drone x2  
  44  3:36  Drone  
  44  3:41  Overlord  
  47  3:42  Drone  
  47  3:46  Drone x2  
  50  3:51  Queen  
  52  3:55  Drone  
  52  3:56  Drone  
  52  3:57  Drone  
  52  3:58  Drone  
  52  4:00  Drone  
  57  4:07  Overlord  
  57  4:08  Drone x2  
  59  4:12  Queen  
  59  4:16  Drone x2  
  63  4:18  Drone  
  63  4:19  Drone  
  65  4:25  Queen  
  65  4:26  Overlord  
  65  4:28  Drone  
  68  4:31  Drone x3  
  68  4:33  Drone  
  72  4:41  Drone x2  
  72  4:43  Overlord  
  74  4:47  Zergling x8, Spore Crawler  
  74  4:49  Spore Crawler  
  74  4:52  Queen  
  78  4:54  Overlord  
  78  4:55  Zergling x2  
  78  4:58  Zergling x6  
  82  5:03  Zergling x8  
  82  5:06  Overlord  
  85  5:11  Zergling x2  
  77  5:15  Zergling x4  
  77  5:17  Lair  
  77  5:20  Drone  
  78  5:23  Drone x2  
  78  5:24  Baneling Nest  
  78  5:28  Drone x4  
  83  5:30  Hatchery  
  83  5:31  Drone x3  
  85  5:36  Extractor  
  85  5:37  Zergling x4  
  85  5:38  Zergling x4  
  87  5:43  Queen  
  87  5:44  Zergling x2  
  87  5:47  Zergling x2  
  87  5:49  Zergling x4  
  93  5:52  Queen  
  93  5:56  Overlord  
  95  5:59  Drone  
  95  6:00  Drone  
  95  6:01  Drone  
  98  6:04  Overlord  
  98  6:07  Overlord  
  98  6:09  Drone  
  97  6:12  Drone  
  97  6:16  Overlord  
  97  6:17  Drone  
  96  6:18  Drone  
  96  6:20  Drone  
  96  6:21  Centrifugal Hooks, Drone  
  96  6:23  Drone x2, Extractor  
  96  6:24  Evolution Chamber  
  96  6:25  Evolution Chamber  
  97  6:30  Zergling x2  
  97  6:31  Baneling x6  
  97  6:32  Queen  
  100  6:33  Drone x2  
  100  6:34  Hatchery  
  100  6:35  Queen  
  100  6:39  Zergling x2  
  104  6:41  Zergling x6  
  104  6:45  Zergling x6  
  104  6:46  Baneling x3  
  108  6:48  Zergling x6  
  108  6:51  Drone  
  108  6:52  Drone  
  108  6:53  Queen  
  115  6:55  Baneling x2, Overlord  
  115  6:59  Zergling x2  
  116  7:02  Drone  
  116  7:05  Zerg Ground Armor Level 1  
  116  7:06  Zergling x4  
  116  7:07  Drone  
  120  7:11  Zergling x8  
  120  7:15  Hatchery, Zerg Melee Weapons Level 1  
  123  7:17  Zergling x8  
  123  7:19  Zergling x4  
  123  7:20  Zergling x2  
  130  7:23  Baneling x2  
  130  7:24  Overlord  
  130  7:25  Zergling x4  
  130  7:28  Baneling x2  
  132  7:33  Zergling x6  
  134  7:37  Zergling x4  
  134  7:38  Queen  
  134  7:41  Zergling x6, Queen  
  141  7:45  Zergling x8  
  141  7:48  Overlord  
  144  7:53  Zergling x12  
  149  8:01  Zergling x8  
  149  8:03  Baneling  
  149  8:04  Baneling x3  
  137  8:07  Zergling x12  
  137  8:09  Zergling x4  
  137  8:11  Zergling x6  
  148  8:13  Zergling x2  
  148  8:14  Zergling x10  
  154  8:24  Zergling x10  
  157  8:27  Baneling  
  157  8:29  Zergling x6  
  157  8:31  Zergling x4  
  152  8:35  Zergling x6  
  152  8:38  Zergling x8  
  152  8:40  Zergling x10  
  156  8:41  Baneling x7  
  156  8:42  Baneling x4  
  156  8:44  Zergling x8  
  151  8:49  Zergling x2  
  151  8:51  Zergling x4  
  151  8:55  Zergling x6  
  136  9:00  Zerg Ground Armor Level 2, Burrow  
  136  9:01  Zergling x4  
  135  9:05  Drone x3  
  135  9:08  Drone  
  135  9:09  Drone x2  
  141  9:13  Zergling x4  
  142  9:17  Zergling x6, Zerg Melee Weapons Level 2  
  142  9:20  Spore Crawler  
  142  9:22  Zergling x2  
  147  9:24  Drone x2  
  147  9:27  Drone x3  
  147  9:29  Extractor  
  147  9:30  Zergling x6  
  148  9:32  Overseer  
  148  9:36  Zergling x8  
  148  9:37  Zergling x8  
  156  9:39  Drone x2  
  156  9:40  Drone  
  156  9:42  Zergling x2  
  156  9:49  Drone x5, Spore Crawler  
  156  9:50  Spore Crawler  
  159  9:52  Hydralisk Den  
  159  9:54  Zergling x4  
  159  9:55  Pneumatized Carapace  
  159  9:57  Zergling x2  
  159  9:58  Overlord  
  161  10:01  Zergling x4  
  161  10:03  Drone  
  161  10:06  Overlord  
  164  10:07  Overlord  
  164  10:11  Extractor  
  164  10:13  Baneling x2  
  164  10:14  Overseer  
  163  10:15  Overlord  
  163  10:19  Drone x8  
  163  10:21  Extractor  
  170  10:22  Extractor, Zergling x4  
  170  10:23  Zergling x2  
  168  10:30  Zergling x18  
  168  10:32  Zergling x2  
  171  10:36  Zergling x8  
  171  10:37  Zergling x10  
  171  10:38  Hatchery  
  179  10:44  Muscular Augments  
  179  10:45  Drone  
  179  10:46  Infestation Pit, Drone x3  
  179  10:47  Drone x4  
  179  10:49  Zergling x2  
  188  10:50  Zergling x10  
  188  10:53  Baneling x13  
  190  11:06  Drone  
  190  11:07  Overlord  
  190  11:08  Hydralisk x2  
  195  11:16  Drone x2  
  187  11:19  Hydralisk x4  
  187  11:22  Hive  
  187  11:25  Baneling x7  
  195  11:34  Zergling x10  
  198  11:41  Zergling x6  
  198  11:45  Zerg Missile Weapons Level 1  
  201  11:49  Overlord  
  200  11:58  Grooved Spines  
  200  11:59  Baneling  
  200  12:00  Baneling x4  
  200  12:03  Extractor  
  199  12:11  Hatchery  
  192  12:27  Zergling x30  
  200  12:34  Zerg Ground Armor Level 3  
  200  12:36  Adrenal Glands  
  199  12:38  Baneling x4  
  199  12:39  Baneling x8  
  199  12:46  Baneling  
  199  12:47  Baneling x10  
  199  12:50  Baneling x10  
  199  12:55  Baneling x5  
  199  12:56  Baneling  
  199  13:00  Baneling x2  
  199  13:01  Baneling  
  189  13:09  Zergling x38  
  189  13:11  Zergling x8  
  200  13:17  Zergling x2  
  199  13:25  Baneling  
  199  13:26  Baneling  
  194  13:34  Zergling x46  
  198  13:42  Zerg Melee Weapons Level 3, Overseer  
  196  13:51  Hydralisk  
  196  13:52  Zergling x26  
  196  13:55  Zergling x24  
  198  13:58  Zergling x2  
  198  13:59  Zergling x6  
  193  14:10  Zergling x2  
  193  14:11  Zergling x12  
  195  14:17  Baneling x2  
  195  14:18  Baneling x49  
  195  14:20  Zergling x10  
  199  14:40  Spore Crawler  
  189  14:50  Zergling x22  
  193  14:55  Zergling x14  
  199  15:25  Hatchery  
  199  15:27  Hydralisk  
  171  15:28  Zergling x18  
  171  15:30  Zergling x2  
  171  15:31  Zergling x48  
  200  15:43  Zerg Missile Weapons Level 2  
  200  15:47  Zergling x2  
  200  15:48  Zergling x10  
  196  15:52  Zergling x2  
  196  15:53  Zergling x14  
  194  16:03  Zergling x2  
  194  16:04  Zergling x36  
  171  16:14  Viper x2  
  171  16:15  Hydralisk  
  171  16:16  Zergling x22  
  171  16:17  Zergling x2  
  171  16:18  Zergling x4  
  191  16:19  Baneling x12  
  191  16:23  Overlord x2  
  191  16:26  Baneling x4  
  191  16:30  Overlord  
  191  16:42  Overlord  
  191  16:45  Overlord  
  191  16:47  Unknown  
  178  16:56  Hydralisk  
  178  16:57  Zergling x18  
  178  17:00  Hydralisk, Zergling x10  
  178  17:01  Zergling x2  
  176  17:02  Hydralisk  
  176  17:03  Zergling x12  
  176  17:04  Hydralisk  
  176  17:05  Zergling x12  
  176  17:06  Hydralisk  
  176  17:07  Hydralisk x2  
  176  17:08  Zergling x2  
  188  17:12  Zergling x2  
  188  17:13  Zergling x22  
  199  17:17  Zergling x4  
  199  17:21  Zergling x2  
  199  17:24  Baneling  
  199  17:25  Baneling x17  
  199  17:28  Zergling x6  
  199  17:31  Zergling x4  
  199  17:37  Zergling x2  
  193  17:45  Baneling  
  193  17:46  Baneling x10  
  190  17:54  Zergling x2  
  190  17:55  Zergling x30  
Tags
 
Add a new tag
Caveats
  • Supply blocks, unpowered buildings, or Contaminate may cause inaccurate times.
  • Supply counts are checked every 10 seconds.